 Dungeon Crawl Stone Soup version 0.31-a0-968-g24f9ace8b5 (webtiles) character file.

Game seed: 6237256082231494249

140 Dordric the Ruffian (level 5, -2/40 HPs)
             Began as a Draconian Shapeshifter on Oct 27, 2023.
             Succumbed to a scorpion's poison
             ... on level 4 of the Dungeon.
             The game lasted 00:02:55 (2535 turns).

Dordric the Ruffian (Draconian Shapeshifter)        Turns: 2535, Time: 00:02:55

Health: -2/40      AC:  5    Str: 18    XL:     5   Next: 2%
Magic:  5/5        EV: 12    Int: 11    God:
Gold:   185        SH:  0    Dex: 10    Spells: 4/4 levels left

rFire   . .          .
                       - Unarmed
rCold   . . .        (no shield)
rNeg    . . .        (body armour unavailable)
rPois   .            (helmet currently unavailable)
rElec   .            (cloak currently unavailable)
rCorr   .            (gloves currently unavailable)
SInv    .            (boots currently unavailable)
Will    .....        f - amulet of faith
Stlth   +            (no ring)
HPRegen 0.26/turn    (no ring)
MPRegen 0.09/turn

%: faith
@: lethally poisoned (-2 -> -19), beast-form
A: beast (slay +2), AC +5, unfitting armour, cold-blooded
a: Begin Untransformation


You were on level 4 of the Dungeon.
You were a hulking beast.
You visited 1 branch of the dungeon, and saw 4 of its levels.

You collected 185 gold pieces.

Inventory:

Jewellery
 f - an amulet of faith (around neck)
Talismans
 b - a beast talisman
 c - a flux talisman
Scrolls
 d - a scroll of immolation
 e - 3 scrolls of identify
 g - 2 scrolls of poison
 h - a scroll of summoning
 j - 3 scrolls of fog {unknown}
Potions
 a - a potion of lignification
 i - a potion of curing
 k - a potion of haste {unknown}
 l - 2 potions of invisibility {unknown}


   Skills:
 - Level 1.1 Fighting
 - Level 1.7 Dodging
 + Level 4.5 Unarmed Combat
 + Level 4.3 Shapeshifting


You had 4 spell levels left.
You didn't know any spells.
Your spell library contained the following spells:

 Spells                   Type           Power      Damage    Failure   Level
 Sting                    Tmut/Pois      0%         1d3       34%         1
 Cigotuvi's Dreadful Rot  Necr/Pois/Air  0%         N/A       47%         2
 Poisonous Vapours        Pois/Air       0%         N/A       47%         2
 Inner Flame              Hex/Fire       0%         N/A       71%         3
 Vampiric Draining        Necr           0%         2d6       71%         3
 Dispel Undead            Necr           0%         3d6       98%         4
 Flame Wave               Conj/Fire      0%         2d4       98%         4
 Olgreb's Toxic Radiance  Pois           0%         N/A       98%         4
 Sticky Flame             Conj/Fire      0%         2d3       98%         4
 Death Channel            Necr           0%         N/A       100%        6
 Summon Cactus Giant      Summ           0%         N/A       100%        6


Dungeon Overview and Level Annotations

Branches:
Dungeon (4/15)
 Temple: D:4-7

Altars:
Hepliaklqana

Shops:
D:1 !

Annotations:
D:3 3 runed translucent doors, Hubris850's ghost, amateur FeSh; chamandro's ghost, weakling GnDe; snackwell's ghost, amateur BaEn


Innate Abilities, Weirdness & Mutations

You are a hulking beast.
Your limbs bulge with bestial killing power. (Slay +2)
Your plain brown scales are hard. (AC +5)
You cannot fit into any form of body armour.
You are cold-blooded and may be slowed by cold attacks.


Message History

The phantom is heavily damaged.
You feel sick. The scorpion closely misses you.
The phantom completely misses you.
The hobgoblin hits you but does no damage.
You closely miss the phantom.
Your tail-slap misses the phantom.
The phantom is heavily damaged.
You feel sick. The scorpion closely misses you. The phantom closely misses you.
The hobgoblin barely misses you.
You hit the phantom.
The phantom is severely damaged.
The scorpion barely misses you. The phantom closely misses you.
The hobgoblin closely misses you.
You closely miss the phantom.
The phantom is severely damaged.
You feel sick. The scorpion barely misses you. The phantom hits you.
The hobgoblin closely misses you.
You hit the phantom.
The phantom is severely damaged.
You feel sick. The scorpion stings you.
You are more poisoned.
The scorpion poisons you! The scorpion barely misses you.
The phantom barely misses you. The hobgoblin barely misses you.
You are too injured to fight recklessly!
You are too injured to fight recklessly!
You are too injured to fight recklessly!
You feel very sick. The scorpion barely misses you.
The phantom attacks as it pursues you! The phantom hits you.
* * * LOW HITPOINT WARNING * * *
The hobgoblin hits you.
* * * LOW HITPOINT WARNING * * *
* * * LOW HITPOINT WARNING * * *
You feel sick. The scorpion attacks as it pursues you! The scorpion stings you.
* * * LOW HITPOINT WARNING * * *
You are more poisoned.
The scorpion poisons you!
The hobgoblin attacks as it pursues you!
The hobgoblin hits you.
* * * LOW HITPOINT WARNING * * *
You die...

.≈§§≈≈.≈...## #.
.≈.......≈....## $..
..≈≈≈≈≈≈≈≈≈.....####...
.............<....#....
......................
......................
#..............#..##
#...........|..# ##
#..W.h......#..#
#..s........#..#
#.....g..##.......#
.....$.##..#......###
.#....##...........#
#.........#.......#
......)....#........
.........?.. ......
................


You could see a phantom, a scorpion and a hobgoblin.

Vanquished Creatures
  A hound (D:2)
  3 adders
  2 worms
  A dart slug (D:2)
  9 orcs (D:3)
  9 bats
  4 endoplasms
  2 giant cockroaches
  8 goblins
  3 jackals (D:1)
  6 kobolds
  3 quokkas
  5 ball pythons
  7 frilled lizards
  4 rats
67 creatures vanquished.

Notes
Turn   | Place    | Note
-------+----------+-------------------------------------------
     0 | D:1      | Dordric the Draconian Shapeshifter began the quest for the
                  | Orb.
     0 | D:1      | Reached XP level 1. HP: 16/16 MP: 1/1
    20 | D:1      | Found Luitoffa's Distillery.
   126 | D:1      | Got the Grimoire of Mustering and Dark Magic
   205 | D:1      | Reached XP level 2. HP: 23/23 MP: 2/2
   806 | D:2      | Reached XP level 3. HP: 28/28 MP: 3/3
  1217 | D:2      | Reached XP level 4. HP: 24/35 MP: 4/4
  1372 | D:2      | Found a faded altar of an unknown god.
  2072 | D:3      | Reached XP level 5. HP: 40/40 MP: 5/5
  2132 | D:3      | Found a runed translucent gate.
  2132 | D:3      | Found a runed translucent gate.
  2132 | D:3      | Found a runed translucent gate.
  2132 | D:3      | Noticed snackwell's ghost (amateur BaEn)
  2132 | D:3      | Noticed chamandro's ghost (weakling GnDe)
  2132 | D:3      | Noticed Hubris850's ghost (amateur FeSh)
  2506 | D:4      | Found a hazy altar of Hepliaklqana.
  2518 | D:4      | Noticed a phantom
  2534 | D:4      | HP: 2/40 [hobgoblin (2)]
  2535 | D:4      | Succumbed to a scorpion's poison

Illustrated notes

Levels and vault maps discovered:
D:1:      minmay_arrival_jagged, layout_rooms, serial_shops, shop,
          serial_forest, infiniplex_forest_lined_ring,
          infiniplex_forest_zigzag_1, infiniplex_forest_clump_curved,
          infiniplex_forest_lined_2, infiniplex_forest_clump_tiny,
          minmay_hedge_maze
D:2:      layout_loops_ring, shapermc_ecumenical_altar_notcrosses,
          kennysheep_cross_room, chequers_jeans, minmay_misc_feat_rows,
          nrook_mini_backslash, minmay_strange_pillars,
          small_statue_intersection
D:3:      layout_loops_ring, gammafunk_ghost_cemetery, wad_orctagon
D:4:      layout_cave_pools, mainiacjoe_overflow_concentric_impassable,
          minmay_shop_grid_forest

Skill      XL: |  1  2  3  4 |
---------------+-------------+-----
Unarmed Combat | 4 |  4.5
Shapeshifting  | 4 |  4.3
Fighting       | |  1.1
Dodging        | |  1.7

Action                     |  1- 3 |  4- 6 || total
---------------------------+-------+-------++-------
  Melee: Unarmed           |   102 |   102 ||   204
         Tailslap          |    13 |     7 ||    20
         Punch             |       |     1 ||     1
    Use: Scroll            |       |     4 ||     4
   Stab: Sleeping          |     1 |       ||     1
 Armour: Skin              |    46 |    58 ||   104
  Dodge: Dodged            |    50 |    83 ||   133

Table legend: (Time is in decaauts)
 A = Elapsed time spent in this place.
 B = Non-inter-level travel time spent in this place.
 C = Inter-level travel time spent in this place.
 D = Time resting spent in this place.
 E = Time spent auto-exploring this place.
 F = Levels seen in this place.
 G = Mean time per level.
                   A        B        C        D        E       F      G
               +--------+--------+--------+--------+--------+-----+--------+
         Total |   2521 |   2438 |     83 |     41 |   1980 |   4 |  630.2 |
       Dungeon |   2521 |   2438 |     83 |     41 |   1980 |   4 |  630.2 |
               +--------+--------+--------+--------+--------+-----+--------+

Top non-repeatable levels by time:
     D:3: 925 daAuts
     D:2: 830 daAuts
     D:1: 737 daAuts
     D:4: 27 daAuts
